AoeStats
← AKI Enjoyer

Arabia

510432956Analyzed
1v1 RM · 2d ago on Oct 1, 2026· 27m 9s· 2 players
Game mode
Random Map
Map size
Tiny (2 player)
Population
200
Speed
Normal
Resources
Standard
Victory
Conquest
Starting age
Dark Age
Ending age
Imperial Age
RankedLock teamsTeams togetherTeam positionsShared explorationLock speedFull tech treeHidden civsTurbo modeCheats
Victory
Defeat
🇲🇽 Mongols · Mexico
961
+15
🇨🇳 Persians · China
949
-44
AKI Enjoyer
10:48 Feudal Age
11:51 Double-Bit Axe
22:31 Wheelbarrow
linck92
0:28 Loom
10:37 Feudal Age
11:27 Double-Bit Axe
18:04 Wheelbarrow
22:33 Castle Age
21:47 Gold Mining
22:54 Stone Mining
23:58 Bow Saw
23:54 Fletching
23:34 Elite Skirmisher
25:29 Bodkin Arrow
27:06 Thumb Ring
Connection lost

Rejoining the realm…

Still unreachable

The connection could not be restored.

Session expired

The server has moved on; the page needs a fresh start.